 Dungeon Crawl Stone Soup version 0.28.0 (webtiles) character file.

Game seed: 11370551467097394889

7295 Sanktem7 the Protected (level 10, -20/135 HPs)
             Began as a Minotaur Fighter on Feb 9, 2022.
             Demolished by an orc warrior (25 damage)
             ... on level 1 of the Orcish Mines.
             The game lasted 00:26:20 (8104 turns).

Sanktem7 the Protected (Minotaur Fighter)           Turns: 8104, Time: 00:26:20

Health: -20/135    AC: 21    Str: 25    XL:     10   Next: 89%
Magic:  0/9        EV:  7    Int:  5    God:
Gold:   500        SH:  4    Dex: 10    Spells: 9/9 levels left

rFire   . . .      SeeInvis .   r - +7 spear of Taceorucs {spect, rCorr}
rCold   . . .      Faith    .   c - +0 buckler
rNeg    + . .      Spirit   +   E - +0 plate armour
rPois   .          Reflect  .   (helmet restricted)
rElec   .          Harm     .   i - +1 cloak
rCorr   +          Rampage  .   j - +0 pair of gloves
Will    .....                   v - +0 pair of boots
Stlth   ..........              m - amulet of guardian spirit
HPRegen 0.32/turn               s - ring of positive energy
MPRegen 0.11/turn               (no ring)

@: mighty, berserking, very quick
A: horns 2, retaliatory headbutt
a: no special abilities


You were on level 1 of the Orcish Mines.
You visited 2 branches of the dungeon, and saw 10 of its levels.

You collected 500 gold pieces.

Inventory:

Hand Weapons
 a - a +1 long sword
 r - the +7 spear of Taceorucs (weapon) {spect, rCorr}
   (You found it on level 3 of the Dungeon)

   When its wielder attacks, the weapon's spirit leaps out and strikes again.
   The spirit shares a part of any damage it takes with its wielder.
   rCorr:     It protects you from acid and corrosion.
Missiles
 h - 2 boomerangs (quivered)
 H - 6 javelins
Armour
 b - a +0 scale mail
 c - a +0 buckler (worn)
 i - a +1 cloak (worn)
 j - a +0 pair of gloves (worn)
 v - a +0 pair of boots (worn)
 C - the +1 robe of Vines {NoPotionHeal Regen++++}
   (You found it on level 7 of the Dungeon)

   Its wearer cannot be healed by potions.
   Regen:     It increases your rate of health regeneration.
 E - a +0 plate armour (worn)
Jewellery
 m - an amulet of guardian spirit (around neck)
 s - a ring of positive energy (left hand)
 y - a ring of magical power
Wands
 n - a wand of flame (19)
Scrolls
 e - a scroll of holy word
 f - 3 scrolls of vulnerability
 g - a scroll of teleportation
 k - 4 scrolls of fear
 l - 2 scrolls of blinking
 u - 2 scrolls of enchant weapon
 x - a scroll of silence
 B - 3 scrolls of amnesia
 F - 2 scrolls of identify
 G - 2 scrolls of summoning {unknown}
Potions
 d - a potion of might
 o - a potion of berserk rage
 p - 3 potions of curing
 q - 3 potions of attraction
 t - 2 potions of degeneration
 w - a potion of mutation
 z - 3 potions of heal wounds
 A - a potion of flight {unknown}
 D - 2 potions of lignification {unknown}


   Skills:
 * Level 8.4 Fighting
 - Level 3.8 Long Blades
 * Level 10.5 Polearms
 - Level 7.0 Throwing
 * Level 12.6 Armour
 - Level 1.2 Dodging
 - Level 0.8 Stealth
 - Level 3.6 Shields


You had 9 spell levels left.
You didn't know any spells.
Your spell library contained the following spells:

 Spells                   Type           Power      Damage    Failure   Level
 Magic Dart               Conj           0%         1d3       99%         1
 Call Imp                 Summ           0%         N/A       100%        2
 Corpse Rot               Necr/Air       0%         N/A       100%        2
 Scorch                   Fire           0%         2d5       100%        2
 Gell's Gravitas          Tloc           0%         N/A       100%        3
 Ignite Poison            Fire/Tmut/Pois 0%         N/A       100%        3
 Mephitic Cloud           Conj/Pois/Air  0%         N/A       100%        3
 Teleport Other           Tloc           0%         N/A       100%        3
 Dispel Undead            Necr           0%         3d6       100%        4
 Flame Wave               Conj/Fire      0%         2d4       100%        4
 Petrify                  Tmut/Erth      0%         N/A       100%        4
 Freezing Cloud           Conj/Ice/Air   0%         6-21      100%        5
 Metabolic Englaciation   Hex/Ice        0%         N/A       100%        5
 Death Channel            Necr           0%         N/A       100%        6
 Dispersal                Tloc           0%         N/A       100%        6
 Statue Form              Tmut/Erth      0%         N/A       100%        6
 Summon Cactus Giant      Summ           0%         N/A       100%        6


Dungeon Overview and Level Annotations

Branches:
Dungeon (9/15)             Temple (0/1) D:5             Orc (1/2) D:9
   Lair: D:8-11

Altars:
Ashenzari
Ru

Shops:
D:6 *


Innate Abilities, Weirdness & Mutations

You have a pair of horns on your head.
You reflexively headbutt those who attack you in melee.


Message History

The orc warrior hits you with a +0 war axe!
* * * LOW HITPOINT WARNING * * *
A red film seems to cover your vision as you go berserk!
You feel yourself moving faster!
You feel mighty!
The orc warrior no longer looks unusually strong.
The orc wizard hits you but does no damage.
The orc warrior barely misses you. You furiously retaliate!
You headbutt the orc warrior!
The orc wizard hits you but does no damage.
The orc warrior hits you but does no damage.
The orc warrior hits you with a +0 war axe.
* * * LOW HITPOINT WARNING * * *
You are too berserk!
Unknown command.
You are too berserk!
You barely miss the orc wizard. Your headbutt misses the orc wizard.
The orc wizard is moderately wounded.
Your +7 spear of Taceorucs {spect, rCorr} hits the orc wizard from afar!
You kill the orc wizard!
The orc warrior hits you but does no damage.
The orc wizard barely misses you. You furiously retaliate!
You headbutt the orc wizard! You barely miss the orc.
Your +7 spear of Taceorucs {spect, rCorr} hits the orc from afar!
You kill the orc!
The orc warrior closely misses you. You furiously retaliate!
You headbutt the orc warrior!
Unknown command.
You barely miss the orc warrior. You headbutt the orc warrior!
The orc warrior is heavily wounded.
Your +7 spear of Taceorucs {spect, rCorr} hits the orc warrior.
The orc warrior hits your +7 spear of Taceorucs {spect, rCorr} with a +0 war axe!
Your spectral weapon shares its damage with you!
The orc warrior hits you but does no damage.
* * * LOW HITPOINT WARNING * * *
You impale the orc warrior!!
You kill the orc warrior!
The orc wizard hits you but does no damage.
The orc warrior hits you with a +2 vorpal war axe!!
You die...

......><.......#...
................#
................##
...........†.....#
.............#.....
..........oo.###.#.
.........h.oo.# #
.........#o)o##
....$..§)@o.#
...#.......#
.####..#.## #....##
#....# ##.## ##


You could see an orc knight, a warg, 3 orc warriors, an orc wizard and 2 orcs.

Vanquished Creatures
  A hydra (D:7)
  A two-headed ogre (D:9)
  A cyclops (D:7)
  3 trolls (D:7)
  A yak (D:7)
  A steam dragon (D:9)
  Eustachio (D:6)
  A warg (Orc:1)
  3 water moccasins
  2 acid dragons
  8 orc warriors
  A hornet zombie (D:5)
  2 ice beasts
  A sky beast (D:6)
  2 ogres
  2 centaurs (D:7)
  2 phantoms (D:5)
  3 kobold brigands
  3 bullfrogs (D:7)
  A gnoll sergeant (D:7)
  A wyvern zombie (D:7)
  A scorpion (D:5)
  2 water moccasin skeletons
  4 killer bees (D:8)
  6 howler monkeys
  11 wights
  A bullfrog zombie (D:5)
  A centaur skeleton (D:7)
  5 hounds
  A gnoll shaman (D:8)
  10 orc priests
  2 iguanas
  9 orc wizards
  A howler monkey zombie (D:9)
  4 gnolls (D:8)
  6 adders
  A white imp (D:6)
  A dart slug (D:1)
  18 orcs
  8 bats
  6 endoplasms
  2 giant cockroaches
  3 hobgoblins
  10 kobolds
  2 quokkas
  4 ball pythons
  2 frilled lizards
  5 goblins
  3 rats (D:1)
170 creatures vanquished.

Notes
Turn   | Place    | Note
-------+----------+-------------------------------------------
     0 | D:1      | Sanktem7 the Minotaur Fighter began the quest for the Orb.
     0 | D:1      | Reached XP level 1. HP: 19/19 MP: 0/0
   165 | D:1      | Reached skill level 4 in Armour
   347 | D:1      | Reached XP level 2. HP: 27/27 MP: 1/1
  1413 | D:2      | Reached XP level 3. HP: 31/33 MP: 2/2
  1419 | D:2      | Reached XP level 4. HP: 24/40 MP: 1/3
  1897 | D:2      | Found a broken altar of Ashenzari.
  2079 | D:3      | Reached skill level 1 in Throwing
  2079 | D:3      | Reached skill level 5 in Armour
  2082 | D:3      | Reached XP level 5. HP: 24/47 MP: 2/4
  2340 | D:3      | Identified the +7 spear of Taceorucs {spect, rCorr}
  2718 | D:3      | Found a sacrificial altar of Ru.
  3279 | D:5      | Entered Level 5 of the Dungeon
  3439 | D:5      | Noticed a phantom
  3444 | D:5      | Killed a phantom
  3445 | D:5      | Reached skill level 1 in Polearms
  3445 | D:5      | Reached XP level 6. HP: 53/53 MP: 5/5
  3505 | D:5      | Reached skill level 6 in Armour
  3530 | D:5      | Noticed an acid dragon
  3537 | D:5      | Killed an acid dragon
  3538 | D:5      | Reached skill level 1 in Dodging
  3544 | D:5      | Reached skill level 5 in Fighting
  3544 | D:5      | Reached XP level 7. HP: 61/61 MP: 6/6
  3741 | D:5      | Found a staircase to the Ecumenical Temple.
  3781 | D:5      | Reached skill level 7 in Armour
  4031 | D:6      | Found Maopt's Neck Hole.
  4088 | D:6      | Reached XP level 8. HP: 69/69 MP: 7/7
  4115 | D:6      | Reached skill level 8 in Armour
  4142 | D:6      | HP: 3/70 [wight (10)]
  4144 | D:6      | HP: 1/69 [wight (3)]
  4549 | D:6      | Reached skill level 5 in Throwing
  4680 | D:6      | Noticed Eustachio
  4693 | D:6      | Killed Eustachio
  4694 | D:6      | Reached skill level 5 in Polearms
  5095 | D:7      | Reached skill level 9 in Armour
  5330 | D:7      | Reached XP level 9. HP: 75/75 MP: 8/8
  5341 | D:7      | Noticed a troll
  5351 | D:7      | Killed a troll
  5397 | D:7      | Reached skill level 10 in Armour
  6053 | D:7      | Noticed a cyclops
  6058 | D:7      | Killed a cyclops
  6059 | D:7      | Reached skill level 11 in Armour
  6062 | D:7      | Reached XP level 10. HP: 58/86 MP: 4/9
  6184 | D:7      | Identified the +9 great mace "Fes Jus" {pain, rElec Str+3
                  | SInv}
  6257 | D:7      | Noticed a four-headed hydra
  6257 | D:7      | Found the +1 robe of Vines {NoPotionHeal Regen++++}
  6266 | D:7      | Killed a four-headed hydra
  7071 | D:8      | Reached skill level 12 in Armour
  7772 | D:9      | Noticed a two-headed ogre
  7777 | D:9      | Killed a two-headed ogre
  7778 | D:9      | Reached skill level 10 in Polearms
  8071 | D:9      | Found a staircase to the Orcish Mines.
  8084 | Orc:1    | Entered Level 1 of the Orcish Mines
  8084 | Orc:1    | Noticed an orc knight
  8103 | Orc:1    | HP: 5/135 [orc warrior (6)]
  8104 | Orc:1    | Demolished by an orc warrior

Illustrated notes

Levels and vault maps discovered:
D:1:      eino_arrival_cavern_b, layout_basic, chequers_jeans
D:2:      layout_basic, basic_altar, minmay_misc_feat_rows,
          hangedman_decor_slide_cut, minmay_misc_feat_pillars, st_stairs_4,
          minmay_split_cup_small
D:3:      layout_loops_ring, lemuel_crystal_altar, hangedman_decor_points
D:4:      layout_basic, hangedman_abyss_or_decor_stagger, uniq_robin,
          uniq_grinder
D:5:      layout_cave_pools, minmay_temple_entry_from_below_b
D:6:      layout_rooms, nicolae_shop_sticking_my_neck_out, uniq_eustachio
D:7:      kennysheep_windowed_halls, layout_basic, serial_park_tiny_1,
          grunt_ministairs_7, hellmonk_guarded_unrand_vines
D:8:      layout_gridville
D:9:      layout_gridville, david_orc_4, hangedman_decor_diamond_cutter
Orc:1:    layout_caves

Skill      XL: |  1  2  3  4  5  6  7  8  9 10 |
---------------+-------------------------------+-----
Armour         | 4 5 6 7 9 11 12 | 12.6
Fighting       | 4 5 6 7 8 |  8.4
Long Blades    | 3 |  3.8
Throwing       | 1 2 3 4 5 6 7 |  7.0
Polearms       | 1 2 3 5 8 10 | 10.5
Dodging        | 1 |  1.2
Stealth        | |  0.8
Shields        | |  3.6

Action                   |  1- 3 |  4- 6 |  7- 9 | 10-12 || total
-------------------------+-------+-------+-------+-------++-------
Melee: Long sword        |    26 |    27 |       |       ||    53
       Headbutt          |     4 |     6 |    24 |    20 ||    54
       Spear             |       |    35 |   126 |    88 ||   249
Throw: Boomerang         |    15 |    29 |    28 |    15 ||    87
  Use: Scroll            |       |       |    14 |     4 ||    18
       Potion            |       |       |     2 |     2 ||     4
Armor: Scale mail        |    15 |    60 |    44 |     3 ||   122
       Plate armour      |       |       |       |    37 ||    37
Dodge: Dodged            |    18 |    51 |    48 |    24 ||   141
Block: Buckler           |     5 |    25 |    20 |    14 ||    64
